 Dungeon Crawl Stone Soup version 0.19.0-2-gae57169 (webtiles) character file.

767 Jerry the Skirmisher (level 7, -3/64 HPs)
             Began as a Minotaur Berserker on Nov 6, 2016.
             Was an Elder of Trog.
             Succumbed to gitgud34's ghost's poison
             ... on level 5 of the Dungeon.
             The game lasted 00:13:26 (3185 turns).

Jerry the Skirmisher (Minotaur Berserker)           Turns: 3185, Time: 00:13:27

Health: -3/64      AC:  7    Str: 22    XL:     7   Next: 52%
Magic:  6/6        EV: 12    Int:  5    God:    Trog [****..]
Gold:   329        SH:  0    Dex: 10    Spells: 0 memorised, 6 levels left

rFire  . . .     SeeInvis .     k - +0 battleaxe
rCold  . . .     Gourm    .     s - +2 leather armour {rN+}
rNeg   + . .     Faith    .     (shield currently unavailable)
rPois  .         Spirit   .     (helmet restricted)
rElec  .         Reflect  .     (no cloak)
rCorr  .         Harm     .     (no gloves)
MR     .....                    A - +0 pair of boots
Stlth  ..........               B - amulet of regeneration
                                (no ring)
                                C - ring of flight

@: confused, lethally poisoned (-3 -> -31), exhausted, slowed, very slow
A: retaliatory headbutt, horns 2
a: Berserk, Trog's Hand, Brothers in Arms, Burn Spellbooks, Renounce Religion,
Evoke Flight


You were on level 5 of the Dungeon.
You worshipped Trog.
Trog was greatly pleased with you.
You were near starving.

You visited 1 branch of the dungeon, and saw 5 of its levels.
You also visited: Sewer.

You collected 329 gold pieces.

Inventory:

Hand Weapons
 a - a +0 hand axe
 k - a +0 battleaxe (weapon)
 z - a +1 war axe
Armour
 s - a +2 leather armour of positive energy (worn)
 A - a +0 pair of boots (worn)
 E - +0 storm dragon scales
Jewellery
 B - an amulet of regeneration (around neck)
 C - a ring of flight (left hand)
Wands
 b - a wand of flame (12/48)
 D - a wand of paralysis (6/24)
Scrolls
 d - a scroll of enchant armour {unknown}
 e - 4 scrolls of identify
 j - 6 scrolls of teleportation
 l - a scroll of remove curse
 m - 2 scrolls of amnesia {unknown}
 p - a scroll of fog {unknown}
 q - a scroll of random uselessness {unknown}
 t - a scroll of blinking {unknown}
 y - a scroll of recharging {unknown}
Potions
 f - 2 potions of resistance {unknown}
 h - 4 potions of curing {unknown}
 i - 3 potions of brilliance {unknown}
 n - a potion of cancellation {unknown}
 o - 3 potions of lignification {unknown}
 u - 2 potions of cure mutation {unknown}
 v - 2 potions of heal wounds {unknown}
 w - 2 potions of might {unknown}
 x - 2 potions of magic {unknown}
Comestibles
 c - 3 bread rations
 g - a royal jelly
 r - a slice of pizza
 F - a meat ration


   Skills:
 + Level 6.9 Fighting
 + Level 6.8 Axes
 + Level 6.2 Armour
 - Level 2.1 Dodging


You had 6 spell levels left.
You didn't know any spells.

Dungeon Overview and Level Annotations

Branches:
Dungeon (5/15)
 Temple: D:4-7

Altars:
Ashenzari
Okawaru
Vehumet
Zin

Annotations:
D:5 gitgud34's ghost, novice SpEn


Innate Abilities, Weirdness & Mutations

You reflexively headbutt those who attack you in melee.
You have a pair of horns on your head.


Message History

* * * LOW HITPOINT WARNING * * *
You feel extremely sick.
Gitgud34's ghost points at you and mumbles some strange words.
You fall asleep.
Gitgud34's ghost gestures at you while chanting.
You wake up.
You are confused.
You are no longer glowing.
* * * LOW HITPOINT WARNING * * *
You feel very sick. Gitgud34's ghost barely misses you.
You bump into the rock wall.
* * * LOW HITPOINT WARNING * * *
You feel very sick.
Gitgud34's ghost whispers, "They're coming for you..."
Gitgud34's ghost hits you but does no damage.
You are more poisoned.
You miss gitgud34's ghost.
Gitgud34's ghost is severely damaged.
You die...

#.# #...#.# #.... #.#
#...#.# ##### .. ..###.#
# ... ### ##.## ##...##
####.#####.....#######
.......W@............####
########.#.....#####.....
#.##...## ###### #.###.##
#.# #.# ##.###.# #...##.#
######### #..###.#
#...(.... #.## #.#
#.#######


You could see gitgud34's ghost.

Vanquished Creatures
  The ghost of rastmirit the Ruffian, an amateur HOMo (D:4)
  A phantom (D:4)
  A scorpion (D:4)
  2 orc wizards
  The ghost of gitgud34 the Sneak, a weakling SpEn (D:3)
  A jelly (D:5)
  A centaur skeleton (D:4)
  A worker ant (D:5)
  4 gnolls
  14 adders
  3 river rats (Sewer)
  3 oozes
  4 worms
  3 leopard geckos
  6 orcs
  6 giant cockroaches
  10 goblins
  9 hobgoblins
  14 jackals
  A quokka (D:3)
  4 ball pythons
  5 bats
  4 frilled lizards
  11 kobolds
  7 rats
117 creatures vanquished.

Notes
Turn   | Place    | Note
-------+----------+-------------------------------------------
     0 | D:1      | Jerry the Minotaur Berserker began the quest for the Orb.
     0 | D:1      | Reached XP level 1. HP: 19/19 MP: 0/0
   295 | D:1      | You fall through a shaft!
   305 | D:2      | Reached XP level 2. HP: 27/27 MP: 1/1
   370 | D:2      | Reached XP level 3. HP: 25/33 MP: 2/2
   675 | D:1      | Reached ** piety under Trog
   898 | D:2      | Found a shattered altar of Ashenzari.
   945 | D:2      | Reached XP level 4. HP: 33/41 MP: 3/3
   996 | D:2      | Found a glowing silver altar of Zin.
  1359 | D:2      | Reached skill level 5 in Fighting
  1359 | D:2      | Reached skill level 5 in Axes
  1359 | D:2      | Reached XP level 5. HP: 43/48 MP: 4/4
  1424 | D:3      | Found an iron altar of Okawaru.
  1437 | D:3      | Reached *** piety under Trog
  1507 | D:3      | Noticed gitgud34's ghost (weakling SpEn)
  1515 | D:3      | Killed gitgud34's ghost
  1639 | D:3      | Found a glowing drain.
  1645 | D:3      | Reached XP level 6. HP: 47/56 MP: 5/5
  1653 | Sewer    | Entered a sewer
  2011 | Sewer    | Reached skill level 5 in Armour
  2219 | D:4      | Found a radiant altar of Vehumet.
  2228 | D:4      | Reached **** piety under Trog
  2311 | D:4      | Noticed rastmirit's ghost (amateur HOMo)
  2321 | D:4      | Killed rastmirit's ghost
  2321 | D:4      | Reached XP level 7. HP: 58/64 MP: 6/6
  2955 | D:5      | Entered Level 5 of the Dungeon
  3159 | D:5      | Noticed gitgud34's ghost (novice SpEn)
  3184 | D:5      | HP: 3/64 [poisoned by gitgud34's ghost]
  3185 | D:5      | Succumbed to gitgud34's ghost's poison

Skill      XL: |  1  2  3  4  5  6  7 |
---------------+----------------------+-----
Fighting       | 4 5 6 |  6.9
Axes           | 4 5 6 |  6.8
Armour         | 3 4 5 6 |  6.2
Dodging        | |  2.1

Action                   |  1- 3 |  4- 6 |  7- 9 || total
-------------------------+-------+-------+-------++-------
Melee: Hand axe          |    65 |    29 |       ||    94
       Headbutt          |     8 |    20 |     1 ||    29
       Battleaxe         |       |   115 |    45 ||   160
Invok: Berserk           |     1 |     3 |     1 ||     5
  Use: Scroll            |       |     4 |       ||     4
  Eat: Chunk             |     1 |     6 |     1 ||     8
       Pizza             |       |     1 |     1 ||     2
Armor: Animal skin       |     9 |       |       ||     9
       Chain mail        |       |     3 |       ||     3
       Leather armour    |       |    51 |    14 ||    65
Dodge: Dodged            |    36 |   133 |    22 ||   191
